AoeStats
← waLLefps.

Oasis

509739327Analyzed
4v4 RM · 3d ago on Sep 27, 2026· 29m 46s· 8 players
Game mode
Random Map
Map size
Large (8 player)
Population
200
Speed
Normal
Resources
Standard
Victory
Conquest
Starting age
Dark Age
Ending age
Imperial Age
RankedLock teamsTeams togetherTeam positionsShared explorationLock speedFull tech treeHidden civsTurbo modeCheats
Victory
Defeat
🇹🇷 Franks · Türkiye
1444
+14
🇮🇳 Franks · India
1384
+17
🇹🇷 Wu · Türkiye
1360
+18
🇹🇷 Ethiopians · Türkiye
1343
+19
🇺🇸 Burmese · United States
1452
-19
🇧🇷 Persians · Brazil
1408
-17
🇹🇷 Dravidians · Türkiye
1378
-16
🇺🇸 Ethiopians · United States
1377
-16
klostrofobikköstebek
7:03 Loom
9:33 Feudal Age
14:03 Padded Archer Armor
13:54 Fletching
22:07 Castle Age
20:59 Horse Collar
21:05 Double-Bit Axe
22:17 Crossbowman
23:03 Thumb Ring
23:16 Leather Archer Armor
24:45 Bodkin Arrow
26:03 Ballistics
26:22 Wheelbarrow
26:49 Bow Saw
waLLefps.
11:08 Feudal Age
15:33 Castle Age
13:23 Double-Bit Axe
14:18 Scale Barding Armor
15:20 Forging
16:35 Husbandry
16:52 Bow Saw
17:02 Loom
19:52 Chain Barding Armor
21:44 Wheelbarrow
Tameryig1t
6:46 Loom
9:10 Feudal Age
13:35 Fletching
17:55 Double-Bit Axe
24:24 Castle Age
23:19 Padded Archer Armor
23:16 Gold Mining
23:21 Stone Mining
23:32 Horse Collar
25:07 Wheelbarrow
25:50 Elite Skirmisher
26:43 Heavy Plow
26:53 Bow Saw
27:20 Bodkin Arrow
27:41 Leather Archer Armor
28:31 Ballistics
NUR
10:16 Feudal Age
11:10 Double-Bit Axe
14:58 Forging
17:09 Scale Barding Armor
18:42 Wheelbarrow
22:38 Castle Age
23:42 Bow Saw
24:28 Hand Cart
26:32 Loom
26:32 Town Watch
29:15 Gold Mining
29:16 Stone Mining
Yellowping
9:17 Feudal Age
9:43 Horse Collar
9:50 Double-Bit Axe
18:46 Castle Age
17:26 Fletching
17:40 Padded Archer Armor
17:35 Gold Mining
19:24 Bodkin Arrow
19:37 Thumb Ring
19:47 Heavy Plow
22:16 Husbandry
22:03 Loom
27:43 Wheelbarrow
27:25 Bow Saw
mikeymazko
6:51 Loom
9:27 Feudal Age
9:45 Man-at-Arms
11:33 Arson
13:55 Forging
14:38 Scale Mail Armor
22:53 Wheelbarrow
25:18 Castle Age
23:37 Stone Mining
29:07 Fletching
29:36 Gold Mining
HappyHalb
6:18 Loom
8:57 Feudal Age
9:33 Double-Bit Axe
16:35 Fletching
19:57 Wheelbarrow
23:03 Castle Age
21:44 Gold Mining
21:58 Padded Archer Armor
24:06 Bodkin Arrow
23:32 Crossbowman
27:03 Leather Archer Armor
27:23 Bow Saw
27:15 Town Watch
27:51 Thumb Ring
PNLN | maromba_aoe
4:48 Loom
10:14 Feudal Age
14:48 Castle Age
13:08 Double-Bit Axe
14:15 Bloodlines
13:59 Horse Collar
15:30 Heavy Plow
21:53 Wheelbarrow
22:14 Scale Barding Armor
24:20 Chain Barding Armor
24:39 Husbandry
26:43 Bow Saw
27:12 Forging
29:03 Hand Cart
Connection lost

Rejoining the realm…

Still unreachable

The connection could not be restored.

Session expired

The server has moved on; the page needs a fresh start.